Map: [ESL] Oceanborn

Players

Highdra - Winner!

  • Race: Protoss Protoss
  • Spawn Location: 5:00

eonblu

  • Race: Zerg Zerg
  • Spawn Location: 11:00

Event: HomeStory Cup XXV

VOD

Have the link to the VOD?

Description

Time

  • Played on: June 21, 2024, 9:35 a.m.
  • Length: 9:33

All games in this series

Show
View Real Time Build Order
Export as new Build Order

Highdra Protoss - Winner!

Build Orders: 1 Gate Expand, Oracle Opening 

Get SALT Encoding   

  12  0:00  Probe  
  13  0:12  Probe  
  14  0:19  Pylon  
  14  0:24  Probe (Chrono Boost)  
  15  0:38  Probe (Chrono Boost)  
  15  0:39  Gateway  
  16  0:45  Probe (Chrono Boost)  
  16  0:49  Assimilator  
  17  0:52  Probe  
  18  1:05  Probe  
  19  1:17  Probe  
  20  1:27  Nexus  
  20  1:38  Cybernetics Core  
  20  1:40  Probe  
  21  1:49  Assimilator  
  21  1:52  Probe  
  22  1:55  Pylon  
  22  2:04  Probe  
  23  2:12  Adept (Chrono Boost)  
  25  2:16  Probe  
  26  2:24  Stargate  
  26  2:28  Probe  
  27  2:32  Adept (Chrono Boost)  
  29  2:39  Probe  
  29  2:40  Warp Gate, Probe  
  31  2:51  Probe  
  31  2:53  Probe  
  31  2:55  Adept  
  34  3:12  Probe x2  
  40  3:14  Void Ray (Chrono Boost)  
  40  3:15  Pylon  
  40  3:24  Probe x2  
  42  3:33  Gateway  
  42  3:36  Probe x2  
  44  3:44  Oracle  
  47  3:48  Probe x2  
  47  3:54  Pylon  
  49  4:00  Probe  
  49  4:01  Probe  
  51  4:09  Nexus  
  51  4:12  Probe  
  51  4:13  Probe  
  53  4:21  Oracle  
  56  4:25  Probe x2  
  56  4:28  Pylon  
  58  4:31  Assimilator  
  58  4:32  Assimilator  
  58  4:33  Twilight Council  
  58  4:37  Forge  
  58  4:39  Probe  
  58  4:43  Probe  
  59  4:51  Probe  
  60  4:55  Probe  
  60  4:58  Oracle  
  64  5:00  Protoss Ground Weapons Level 1 (Chrono Boost)  
  64  5:02  Adept x2  
  64  5:03  Probe  
  69  5:07  Probe, Pylon  
  69  5:08  Blink (Chrono Boost)  
  70  5:20  Probe x2  
  70  5:21  Probe  
  73  5:25  Adept  
  73  5:27  Adept  
  77  5:33  Probe  
  78  5:36  Probe  
  78  5:37  Probe  
  78  5:38  Shield Battery  
  80  5:45  Probe  
  81  5:56  Gateway  
  81  5:57  Gateway  
  81  5:58  Gateway  
  81  6:01  Gateway  
  79  6:06  Gateway  
  77  6:11  Gateway  
  77  6:14  Gateway  
  77  6:18  Probe x2  
  73  6:19  Stalker x2  
  75  6:26  Probe  
  75  6:27  Photon Cannon  
  75  6:30  Probe x2  
  75  6:31  Pylon  
  78  6:38  Probe  
  79  6:41  Protoss Ground Armor Level 1 (Chrono Boost)  
  79  6:42  Charge (Chrono Boost), Pylon  
  79  6:43  Stalker x2  
  79  6:44  Pylon  
  83  6:48  Shield Battery  
  83  6:51  Stalker  
  85  6:55  Stalker  
  85  6:56  Stalker  
  85  6:57  Stalker  
  91  7:01  Pylon  
  91  7:11  Stalker x2  
  91  7:12  Stalker x3  
  101  7:16  Stalker  
  101  7:20  Stalker x2  
  107  7:30  Gateway  
  107  7:33  Stalker  
  107  7:34  Stalker x3  
  115  7:48  Pylon  
  115  7:55  Zealot x5  
  115  7:56  Zealot  
  125  8:00  Pylon x2  
  125  8:14  Zealot x3  
  125  8:16  Zealot  
  125  8:18  Gateway  
  125  8:19  Pylon  
  133  8:21  Pylon x3  
  133  8:25  Zealot x3  
  139  8:31  Zealot  
  139  8:32  Zealot x2  
  145  8:42  Zealot x4  
  145  8:47  Zealot x2  
  122  9:03  Zealot  
  122  9:04  Zealot x6  
  122  9:05  Zealot  
  122  9:17  Zealot x2  
  116  9:25  Stalker x4  
  122  9:32  Stalker  
Show
View Real Time Build Order
Export as new Build Order

eonblu Zerg 

Build Orders: Hatch First 

Get SALT Encoding   

  12  0:00  Drone  
  13  0:13  Overlord  
  13  0:17  Drone  
  14  0:31  Drone  
  15  0:39  Drone  
  16  0:48  Hatchery  
  15  0:51  Drone  
  15  0:55  Drone  
  17  1:05  Extractor  
  16  1:11  Spawning Pool  
  16  1:16  Drone  
  16  1:18  Drone  
  17  1:22  Drone  
  18  1:29  Drone  
  19  1:42  Overlord  
  19  1:52  Drone  
  20  1:58  Queen  
  20  2:00  Queen  
  20  2:01  Zergling x2  
  25  2:03  Zergling x2  
  26  2:08  Metabolic Boost  
  26  2:16  Drone x2  
  28  2:29  Zergling x4  
  30  2:38  Hatchery  
  30  2:43  Overlord  
  29  2:45  Drone  
  29  2:48  Drone  
  29  2:49  Drone  
  32  2:56  Drone x2  
  34  3:01  Queen  
  35  3:08  Drone x2  
  35  3:12  Overlord  
  37  3:13  Drone  
  37  3:15  Drone  
  37  3:18  Drone  
  40  3:21  Zergling x2  
  40  3:22  Zergling x2  
  40  3:25  Zergling x2  
  43  3:28  Drone  
  44  3:35  Spore Crawler  
  44  3:36  Drone  
  44  3:41  Drone x3  
  44  3:43  Drone  
  44  3:45  Drone x3  
  50  4:01  Drone x4, Overlord  
  53  4:06  Drone  
  53  4:08  Queen  
  53  4:09  Drone  
  56  4:18  Overlord  
  56  4:19  Overlord  
  55  4:26  Spore Crawler  
  55  4:27  Spore Crawler  
  55  4:28  Extractor  
  55  4:30  Drone x6, Extractor  
  57  4:31  Roach Warren  
  57  4:33  Drone  
  57  4:38  Drone x2  
  59  4:43  Drone x4  
  63  4:46  Drone x2  
  63  4:54  Drone x4  
  63  4:56  Lair  
  63  4:57  Drone  
  68  5:02  Overlord  
  68  5:04  Drone  
  68  5:06  Drone  
  69  5:14  Zergling x2  
  69  5:18  Zergling x8  
  69  5:20  Zergling x2, Overlord x3  
  74  5:21  Zergling x4  
  74  5:27  Drone, Extractor, Evolution Chamber  
  75  5:28  Extractor  
  75  5:29  Drone x2  
  78  5:38  Overlord  
  78  5:39  Queen x2  
  80  5:44  Overlord  
  80  5:45  Overlord  
  80  5:46  Drone x3  
  80  5:49  Extractor  
  82  5:51  Zergling x8  
  82  5:56  Zerg Melee Weapons Level 1  
  86  6:02  Zergling x10  
  84  6:11  Drone x3  
  84  6:15  Drone x4, Glial Reconstitution  
  84  6:17  Drone  
  85  6:24  Hydralisk Den  
  83  6:28  Drone x6  
  83  6:29  Hatchery  
  88  6:36  Hatchery  
  88  6:39  Overlord  
  88  6:40  Overlord  
  88  6:45  Overseer  
  88  6:53  Muscular Augments  
  88  7:10  Roach x14  
  116  7:24  Overlord x2  
  116  7:25  Overlord  
  115  7:30  Hydralisk x3  
  115  7:32  Ravager x2  
  115  7:33  Ravager  
  115  7:34  Hydralisk x3  
  115  7:36  Overlord  
  115  7:37  Overlord x2  
  128  7:44  Zergling x8  
  128  7:49  Ravager  
  131  7:53  Hydralisk x5  
  131  7:57  Grooved Spines  
  140  8:02  Hydralisk x4  
  147  8:11  Roach x4  
  150  8:16  Overlord x2  
  150  8:18  Ravager  
  150  8:19  Zergling x2  
  153  8:20  Zergling x8  
  153  8:21  Ravager  
  153  8:22  Ravager x4  
  153  8:26  Zergling x6  
  163  8:36  Overseer  
  163  8:38  Roach x3  
  169  8:42  Hatchery  
  161  8:49  Roach  
  161  8:50  Roach x6  
  156  8:59  Roach x6  
  144  9:03  Hydralisk  
  144  9:04  Hydralisk  
  144  9:09  Hydralisk  
Tags
 
Add a new tag
Caveats
  • Supply blocks, unpowered buildings, or Contaminate may cause inaccurate times.
  • Supply counts are checked every 10 seconds.